 Dungeon Crawl Stone Soup version 0.31-a0-229-g1fc7ce93e2 (webtiles) character file.

Game seed: 1412153497751911451

2611 qw the Skirmisher (level 9, -2/79 HPs)
             Began as a Minotaur Hexslinger on July 6, 2023.
             Was a Follower of Okawaru.
             Slain by an acid dragon (9 damage)
             ... on level 8 of the Dungeon.
             The game lasted 00:02:53 (6748 turns).

qw the Skirmisher (Minotaur Hexslinger)             Turns: 6748, Time: 00:02:54

Health: -2/79      AC:  6    Str: 12    XL:     9   Next: 34%
Magic:  9/11       EV: 15    Int: 10    God:    Okawaru [*.....]
Gold:   317        SH:  0    Dex: 18    Spells: 9/10 levels left

rFire   . . .        Y - +0 shortbow
rCold   + . .        (shield currently unavailable)
rNeg    . . .        j - +0 ring mail
rPois   .            (helmet restricted)
rElec   .            d - +0 cloak
rCorr   .            (no gloves)
SInv    .            f - +0 pair of boots
Will    .....        c - amulet of regeneration
Stlth   ++           e - +4 ring of protection
HPRegen 1.13/turn    k - ring of protection from cold
MPRegen 0.12/turn

%: no passive effects
@: about to teleport, heroic, corroded
A: horns 2, retaliatory headbutt
a: Renounce Religion, Heroism


You were on level 8 of the Dungeon.
You worshipped Okawaru.
Okawaru was aware of your devotion.
You visited 2 branches of the dungeon, and saw 9 of its levels.

You collected 317 gold pieces.


Innate Abilities, Weirdness & Mutations

You have a pair of horns on your head.
You reflexively headbutt those who attack you in melee.


   Skills:
 - Level 7.0(12.0) Fighting
 + Level 10.1(15.1) Ranged Weapons
 - Level 4.7(9.7) Armour
 - Level 4.2(9.2) Dodging
 - Level 1.0 Spellcasting
 - Level 2.0 Hexes
 - Level 4.0 Invocations


You had 9 spell levels left.
You knew the following spells:

 Your Spells              Type           Power      Damage    Failure   Level
a - Slow                  Hex            16%        N/A       28%         1

Your spell library contained the following spells:

 Spells                   Type           Power      Damage    Failure   Level
 Inner Flame              Hex/Fire       2%         N/A       78%         3
 Portal Projectile        Hex/Tloc       4%         N/A       78%         3
 Cause Fear               Hex            2%         N/A       96%         4

Inventory:

Hand Weapons
 Y - a +0 shortbow (weapon)
Armour
 d - a +0 cloak (worn)
 f - a +0 pair of boots (worn)
 j - a +0 ring mail (worn)
 q - the +0 pair of gloves of Benevolence {Str+4}
   (You found it on level 8 of the Dungeon)

   Str:       It affects your strength (+4).
 r - +0 steam dragon scales
Jewellery
 c - an amulet of regeneration (around neck)
 e - a +4 ring of protection (left hand)
 k - a ring of protection from cold (right hand)
Scrolls
 l - a scroll of identify
 o - a scroll of teleportation
Potions
 a - 2 potions of mutation
 b - a potion of cancellation
 g - a potion of lignification {unknown}
 h - a potion of berserk rage {unknown}
 i - a potion of haste
 m - a potion of might {unknown}
 n - 2 potions of heal wounds
 s - a potion of attraction {unknown}

Dungeon Overview and Level Annotations

Branches:
Dungeon (8/15)             Temple (1/1) D:5
   Lair: D:8-11

Altars:
Ashenzari
Cheibriados
Dithmenos
Elyvilon
Fedhas
Gozag
Hepliaklqana
Kikubaaqudgha
Nemelex Xobeh
Okawaru
Qazlal
Ru
Sif Muna
Trog
Uskayaw
Vehumet
Wu Jian
Xom
Yredelemnul
Zin
The Shining One

Annotations:
D:4 Ijyb


Message History

Something hits you but does no damage.
You shoot an arrow. The arrow hits the acid dragon.
The acid dragon is severely wounded.
The orc misses you. You furiously retaliate!
You headbutt the orc!
You kill the orc!
Okawaru accepts your kill. Something hits you but does no damage.
Something hits you. The acid dragon misses you. You furiously retaliate!
You headbutt the acid dragon, but do no damage.
The acid dragon claws you but does no damage.
You shoot an arrow.
The arrow closely misses the acid dragon.
Something hits you but does no damage. The acid dragon barely misses you.
You furiously retaliate!
You headbutt the acid dragon, but do no damage.
The acid dragon closely misses you. Something hits you but does no damage.
You shoot an arrow.
The arrow hits the acid dragon but does no damage.
The acid dragon is severely wounded.
You shoot an arrow.
The arrow hits the acid dragon but does no damage.
The acid dragon is severely wounded.
Something hits you but does no damage. The acid dragon bites you!
The acid dragon claws you but does no damage.
Something hits you but does no damage.
You shoot an arrow.
The arrow hits the acid dragon but does no damage.
The acid dragon is severely wounded.
Something hits you but does no damage. Something hits you.
The acid dragon spits acid at you. The splash of acid hits you!!
The acid corrodes you!
6748 ||| READING 2 scrolls of teleportation.
As you read the scroll of teleportation, it crumbles to dust.
You feel strangely unstable.
You hear some strange, mumbled words.
Something tries to affect you, but you resist.
You hear some strange, mumbled words.
A magic dart appears from out of thin air!
The magic dart hits you. The acid dragon bites you!
You die...

....... .. ....
....... #. ...
.###+####
+###.#####'##
.........
.....)......#
.........
............#
.........
............#
.........
./....)D{...#
.........
......)@{...#
.........
####.##)##..#
.........
.##.##..######.....#
.............#.....'
.............#.....#
###.######...#.....#
#.##..##...#....>#
#.......)).#.....#
.......)..#.....#


You could see an acid dragon (catching breath).

Vanquished Creatures
  Maggie (D:8)
  Sigmund (D:6)
  A water moccasin (D:7)
  Duvessa (D:5)
  4 black bears
  An ogre (D:4)
  A centaur (D:5)
  3 phantoms (D:5)
  A gnoll sergeant (D:7)
  A bullfrog (D:6)
  A scorpion (D:6)
  4 wights (D:7)
  Dowan (D:5)
  A howler monkey (D:4)
  5 hounds
  An orc priest (D:5)
  A jelly (D:6)
  Jessica (D:3)
  2 iguanas
  6 orc wizards
  8 adders
  13 gnolls
  A shadow imp (D:6)
  A white imp (D:8)
  2 ufetubi (D:7)
  2 worms
  3 dart slugs
  14 orcs
  7 ball pythons
  6 bats
  12 endoplasms
  3 giant cockroaches
  6 goblins
  6 hobgoblins
  3 jackals (D:4)
  4 quokkas
  4 frilled lizards
  5 kobolds
  7 rats
145 creatures vanquished.

Vanquished Creatures (others)
  An orc wizard (D:8)
1 creature vanquished.

Grand Total: 146 creatures vanquished

Notes
Turn   | Place    | Note
-------+----------+-------------------------------------------
     0 | D:1      | qw the Minotaur Hexslinger began the quest for the Orb.
     0 | D:1      | Reached XP level 1. HP: 16/16 MP: 1/1
     0 | D:1      | 0 ||| qw: Version: 0.3-a-46-gb1f654a
     0 | D:1      | 0 ||| qw: Game counter: 1459
     0 | D:1      | 0 ||| qw: Melee chars always use a shield: true
     0 | D:1      | 0 ||| qw: God list: Okawaru
     0 | D:1      | 0 ||| qw: Allow faded altars: false
     0 | D:1      | 0 ||| qw: Do Orc after clearing Dungeon:15 true
     0 | D:1      | 0 ||| qw: Do second Lair branch before Depths: true
     0 | D:1      | 0 ||| qw: Lair rune preference: random
     0 | D:1      | 0 ||| qw: Goals: Normal
     0 | D:1      | 0 ||| PLANNING D:1-11
   180 | D:1      | Reached skill level 3 in Ranged Weapons
   195 | D:1      | Reached XP level 2. HP: 23/23 MP: 2/2
   594 | D:1      | 594 ||| UPGRADING to +0 pair of boots.
   599 | D:1      | 599 ||| UPGRADING to +4 ring of protection.
   600 | D:1      | 600 ||| READING scroll labelled OLADYO SELO.
   601 | D:1      | 601 ||| DROPPING scroll of poison.
   857 | D:2      | Found a faded altar of an unknown god.
   928 | D:2      | Reached XP level 3. HP: 27/29 MP: 3/3
  1317 | D:2      | 1317 ||| READING scroll labelled RIAQ HOZAEFANA.
  1318 | D:2      | 1318 ||| READING scroll labelled SUONWAW ATOMP.
  1322 | D:2      | 1322 ||| READING 2 scrolls labelled NATISE VEIHAELOALU.
  1323 | D:2      | 1323 ||| DROPPING scroll of blinking.
  1347 | D:3      | Noticed Jessica
  1352 | D:3      | Killed Jessica
  1353 | D:3      | Reached skill level 4 in Ranged Weapons
  1403 | D:3      | Identified the +4 dagger "Kuungefe" {speed, +Blink rCorr
                  | Str-5 Dex+3}
  1473 | D:3      | Reached XP level 4. HP: 36/36 MP: 4/4
  1497 | D:3      | Found a radiant altar of Vehumet.
  1571 | D:3      | Reached skill level 5 in Ranged Weapons
  1777 | D:3      | Reached skill level 3 in Fighting
  1828 | D:3      | 1828 ||| SWAPPING to +0 shortbow.
  1830 | D:3      | 1830 ||| DROPPING +1 sling of draining.
  2156 | D:3      | Reached XP level 5. HP: 45/45 MP: 5/5
  2251 | D:3      | 2251 ||| UPGRADING to +0 leather armour.
  2261 | D:3      | 2261 ||| DROPPING +0 robe.
  2262 | D:3      | 2262 ||| READING scroll labelled VETEUH VEESI.
  2263 | D:3      | 2263 ||| READING 2 scrolls labelled NEZEITT CAOSTRASCH.
  2264 | D:3      | 2264 ||| DRINKING 2 black potions.
  2265 | D:3      | 2265 ||| DRINKING 2 metallic grey potions.
  2514 | D:4      | Noticed a black bear
  2521 | D:4      | Reached skill level 6 in Ranged Weapons
  2528 | D:4      | Killed a black bear
  2529 | D:4      | Reached XP level 6. HP: 24/51 MP: 6/6
  2978 | D:4      | HP: 8/52 [black bear (6)]
  2979 | D:4      | 2979 ||| READING 2 scrolls of teleportation.
  2979 | D:4      | HP: 3/52 [black bear (4)]
  2979 | D:4      | HP: 1/52 [black bear (2)]
  2980 | D:4      | 2980 ||| DRINKING potion of heal wounds.
  3131 | D:4      | Reached XP level 7. HP: 55/59 MP: 7/7
  3438 | D:4      | 3438 ||| READING scroll labelled KUFYB YGOE.
  3438 | D:4      | Identified a scroll of acquirement
  3438 | D:4      | 3438 ||| ACQUIRING amulet of regeneration
  3438 | D:4      | Acquired an amulet of regeneration
  3440 | D:4      | 3440 ||| UPGRADING to amulet of regeneration.
  3445 | D:4      | 3445 ||| DRINKING 4 green potions.
  3446 | D:4      | 3446 ||| DRINKING 2 coppery potions.
  3447 | D:4      | 3447 ||| READING 2 scrolls of identify.
  3447 | D:4      | 3447 ||| IDENTIFYING viscous green potion
  3448 | D:4      | 3448 ||| DROPPING potion of magic.
  3472 | D:5      | Entered Level 5 of the Dungeon
  3542 | D:5      | Reached skill level 7 in Ranged Weapons
  3599 | D:5      | 3599 ||| DRINKING 3 potions of curing.
  3599 | D:5      | 3599 ||| (to cure confusion)
  3671 | D:5      | Noticed Ijyb
  3673 | D:5      | 3673 ||| FLEEEEING.
  3674 | D:5      | 3674 ||| FLEEEEING.
  3675 | D:5      | 3675 ||| FLEEEEING.
  3676 | D:5      | 3676 ||| FLEEEEING.
  3689 | D:5      | 3689 ||| FLEEEEING.
  3705 | D:5      | 3705 ||| FLEEEEING.
  3721 | D:5      | 3721 ||| FLEEEEING.
  3722 | D:5      | 3722 ||| FLEEEEING.
  3723 | D:5      | 3723 ||| STAIRDANCE
  3736 | D:4      | 3736 ||| UPGRADING to +0 ring mail.
  3746 | D:4      | 3746 ||| DROPPING +0 leather armour.
  3747 | D:4      | 3747 ||| UPGRADING to ring of protection from cold.
  3751 | D:5      | 3751 ||| STAIRDANCE
  3867 | D:5      | 3867 ||| STAIRDANCE
  3869 | D:4      | 3869 ||| READING scroll of teleportation.
  3870 | D:4      | 3870 ||| FLEEEEING.
  3871 | D:4      | 3871 ||| FLEEEEING.
  3872 | D:4      | 3872 ||| FLEEEEING.
  3873 | D:4      | 3873 ||| FLEEEEING.
  3874 | D:4      | 3874 ||| FLEEEEING.
  3875 | D:4      | 3875 ||| FLEEEEING.
  3876 | D:4      | 3876 ||| FLEEEEING.
  4087 | D:5      | Reached skill level 8 in Ranged Weapons
  4121 | D:5      | Found a staircase to the Ecumenical Temple.
  4122 | D:5      | 4122 ||| PLANNING TEMPLE
  4153 | Temple   | Entered the Ecumenical Temple
  4193 | Temple   | 4193 ||| PLANNING OKAWARU WORSHIP
  4319 | Temple   | Became a worshipper of Warmaster Okawaru
  4320 | Temple   | 4320 ||| PLANNING D:1-11
  4500 | D:5      | Noticed Dowan
  4519 | D:5      | Killed Dowan
  4521 | D:5      | Noticed Duvessa
  4535 | D:5      | HP: 13/61 [Duvessa/+0 short sword (15)]
  4536 | D:5      | 4536 ||| READING scroll of teleportation.
  4680 | D:5      | Reached XP level 8. HP: 69/69 MP: 8/8
  4683 | D:5      | Killed Duvessa
  4684 | D:5      | Reached skill level 9 in Ranged Weapons
  4802 | D:6      | Found an ancient bone altar of Kikubaaqudgha.
  4830 | D:6      | 4830 ||| DRINKING 2 potions of curing.
  4830 | D:6      | 4830 ||| (to cure confusion)
  4833 | D:6      | Reached skill level 3 in Dodging
  4840 | D:6      | 4840 ||| DRINKING potion of curing.
  4840 | D:6      | 4840 ||| (to cure confusion)
  4895 | D:6      | Reached * piety under Okawaru
  4896 | D:6      | Reached skill level 6 in Fighting
  5058 | D:6      | Reached skill level 1 in Invocations
  5141 | D:6      | Noticed Sigmund
  5162 | D:6      | Killed Sigmund
  5502 | D:6      | 5502 ||| READING scroll labelled FIQEAS NOEGEFU.
  5603 | D:6      | 5603 ||| READING 3 scrolls of identify.
  5603 | D:6      | 5603 ||| IDENTIFYING bubbling red potion
  5604 | D:6      | 5604 ||| READING 2 scrolls of identify.
  5604 | D:6      | 5604 ||| IDENTIFYING pink potion
  5605 | D:6      | 5605 ||| DROPPING potion of invisibility.
  5649 | D:7      | 5649 ||| INVOKING Heroism.
  5656 | D:7      | Reached skill level 3 in Invocations
  5708 | D:7      | 5708 ||| INVOKING Heroism.
  5713 | D:7      | HP: 17/71 [poisoned by a water moccasin]
  5714 | D:7      | Reached skill level 10 in Ranged Weapons
  5718 | D:7      | HP: 13/71 [poisoned by a water moccasin]
  5818 | D:7      | 5818 ||| Stepping ~*~*~tactically~*~*~ (outnumbered).
  5833 | D:7      | 5833 ||| INVOKING Heroism.
  5836 | D:7      | Reached XP level 9. HP: 49/78 MP: 7/10
  6023 | D:7      | 6023 ||| Stepping ~*~*~tactically~*~*~ (outnumbered).
  6025 | D:7      | 6025 ||| Stepping ~*~*~tactically~*~*~ (outnumbered).
  6225 | D:7      | 6225 ||| INVOKING Heroism.
  6295 | D:7      | 6295 ||| UPGRADING to +0 cloak.
  6525 | D:8      | Identified the +0 pair of gloves of Benevolence {Str+4}
  6556 | D:8      | Noticed Maggie
  6571 | D:8      | 6571 ||| INVOKING Heroism.
  6574 | D:8      | Killed Maggie
  6739 | D:8      | 6739 ||| DRINKING potion of curing.
  6739 | D:8      | 6739 ||| (to cure confusion)
  6742 | D:8      | 6742 ||| INVOKING Heroism.
  6747 | D:8      | HP: 9/79 [acid dragon/splash of acid (28)]
  6748 | D:8      | 6748 ||| READING 2 scrolls of teleportation.
  6748 | D:8      | Slain by an acid dragon

Levels and vault maps discovered:
D:1:      dpeg_arrival_boxes_within_box, layout_basic
D:2:      layout_loops_cross, chequers_ecumenical_altar_simple_redux
D:3:      layout_loops_corners, mainiacjoe_overflow_24_doors, st_stairs_4,
          minivault_11, serial_bayou_pond_a, grunt_ministairs_12, uniq_jessica
D:4:      layout_loops_corners
D:5:      layout_gridville, minmay_temple_entry_waves, uniq_duvessa, uniq_ijyb
D:6:      layout_loops_ring, old_standard_altar, uniq_sigmund
D:7:      layout_rooms
D:8:      layout_gridville, uniq_maggie
Temple:   nicolae_temple_bog_church

Skill      XL: |  1  2  3  4  5  6  7  8  9 |
---------------+----------------------------+-----
Ranged Weapons | 3 4 5 6 8 10 | 10.1
Fighting       | 2 3 4 5 6 7 |  7.0
Armour         | 2 4 |  4.7
Dodging        | 3 4 |  4.2
Invocations    | 3 4 |  4.0
Spellcasting   | |  1.0
Hexes          | |  2.0

Action                     |  1- 3 |  4- 6 |  7- 9 || total
---------------------------+-------+-------+-------++-------
   Fire: Sling             |    78 |    36 |       ||   114
         Shortbow          |       |   135 |   471 ||   606
 Invoke: Heroism           |       |       |     6 ||     6
    Use: Scroll            |     4 |     3 |     8 ||    15
         Potion            |       |     3 |     6 ||     9
 Armour: Robe              |     2 |     8 |       ||    10
         Leather armour    |       |    40 |    17 ||    57
         Ring mail         |       |       |   143 ||   143
  Dodge: Dodged            |    11 |    81 |   218 ||   310

Table legend:
 A = Non-vault XP
 B = Vault XP
 C = Vault XP percentage of total XP
 D = Non-vault monster count
 E = Vault monster count
 F = Vault count percentage of total count
                 A         B        C        D         E       F
            +---------+---------+-------+---------+---------+-------
      Total |    2892 |     839 |  22.5 |     137 |       9 |   6.2
            +---------+---------+-------+---------+---------+-------
        D:1 |      18 |       0 |   0.0 |      11 |       0 |   0.0
        D:2 |      34 |       0 |   0.0 |      19 |       0 |   0.0
        D:3 |     113 |      44 |  28.0 |      22 |       5 |  18.5
        D:4 |     538 |       0 |   0.0 |      23 |       0 |   0.0
        D:5 |     645 |     207 |  24.3 |      21 |       2 |   8.7
        D:6 |     608 |     223 |  26.8 |      15 |       1 |   6.2
        D:7 |     827 |       0 |   0.0 |      17 |       0 |   0.0
        D:8 |     109 |     365 |  77.0 |       9 |       1 |  10.0
            +---------+---------+-------+---------+---------+-------
